[Event "Titled Tuesday Blitz July 18 Early 2023"]
[White "Tarasova, Viktoriya"]
[Black "Lana Rodriguez, David"]
[WhiteFideId "4175840"]
[BlackFideId "2270803"]
[WhiteElo "2370"]
[BlackElo "2537"]
[Result "0-1"]
[Round "6"]
[TimeControl "180+2"]
[Date "2023.07.18"]
[WhiteClock "0:00:01"]
[BlackClock "0:01:21"]
[Board "161"]

1. d4 Nf6 2. c4 e5 3. dxe5 Ng4 4. e3 Nxe5 5. f4 Ng6 6. Bd3 d5 7. cxd5 Qxd5 8. Nf3 Nc6 9. O-O Qc5 10. Ng5 h6 11. Ne4 Qb6 12. Nbc3 Be6 13. f5 O-O-O 14. fxe6 Nce5 15. Nf2 Nxd3 16. Nxd3 Ne5 17. Qh5 Nxd3 18. Qxf7 Nxc1 19. Rb1 Nd3 20. e7 Qxe3+ 21. Kh1 Qxe7 22. Qf5+ Qd7 23. Qf3 Bc5 24. Rbd1 Rhf8 25. Qe2 Rxf1+ 26. Qxf1 Nf2+ 0-1


[Site "https://www.chess.com"]

[Event "Titled Tuesday Blitz July 18 Early 2023"]
[White "Ionescu, Mihai"]
[Black "TomLiu777"]
[WhiteFideId "1202499"]
[WhiteElo "2533"]
[BlackElo "2335"]
[Result "0-1"]
[Round "6"]
[TimeControl "180+2"]
[Date "2023.07.18"]
[WhiteClock "0:00:00"]
[BlackClock "0:01:20"]
[Board "162"]

1. Nf3 Nf6 2. g3 g6 3. b3 Bg7 4. Bb2 O-O 5. c4 b6 6. Bg2 Bb7 7. Kf1 c5 8. h4 Nc6 9. d4 Nxd4 10. Nxd4 Bxg2+ 11. Kxg2 cxd4 12. Bxd4 d5 13. Na3 dxc4 14. Nxc4 Qd5+ 15. f3 Rfd8 16. Bb2 Qe6 17. Qc2 Rac8 18. a4 Nd5 19. Qd2 Rxc4 20. e4 Rc2 0-1


[Site "https://www.chess.com"]

[Event "Titled Tuesday Blitz July 18 Early 2023"]
[White "Pourkashiyan, Atousa"]
[Black "Novikov, Evgenij"]
[WhiteFideId "12502014"]
[BlackFideId "4125380"]
[WhiteElo "2310"]
[BlackElo "2492"]
[Result "0-1"]
[Round "6"]
[TimeControl "180+2"]
[Date "2023.07.18"]
[WhiteClock "0:00:09"]
[BlackClock "0:00:20"]
[Board "163"]

1. e4 c5 2. Nf3 Nc6 3. d4 cxd4 4. Nxd4 e5 5. Nb5 a6 6. Nd6+ Bxd6 7. Qxd6 Qe7 8. Qd1 Nf6 9. Nc3 h6 10. Nd5 Nxd5 11. exd5 Nd4 12. c3 Nf5 13. Bd3 d6 14. O-O O-O 15. Qe2 Qh4 16. f4 Re8 17. Bd2 Bd7 18. Qf3 g6 19. Rae1 exf4 20. Rxe8+ Rxe8 21. Bxf4 Re1 22. g3 Rxf1+ 23. Bxf1 Qd8 24. Qe4 Qb6+ 25. Kh1 Qxb2 26. g4 Qf2 27. Bd3 Bb5 28. gxf5 Bxd3 29. Qxd3 Qxf4 30. fxg6 f5 31. Qd1 Kg7 32. a4 Qe4+ 33. Kg1 Qg4+ 34. Qxg4 fxg4 35. Kg2 Kxg6 36. Kg3 Kg5 37. a5 h5 38. c4 h4+ 39. Kf2 Kf4 40. Kg2 Ke5 41. Kf2 Kd4 42. Ke2 Kxc4 43. Ke3 Kxd5 44. Kf4 g3 45. hxg3 hxg3 46. Kxg3 Kc4 47. Kf4 Kb5 48. Ke4 Kxa5 49. Kd5 Kb4 50. Kxd6 a5 0-1


[Site "https://www.chess.com"]

[Event "Titled Tuesday Blitz July 18 Early 2023"]
[White "Holtel, Jasper"]
[Black "MateoReyes"]
[WhiteFideId "12956376"]
[WhiteElo "2296"]
[BlackElo "2483"]
[Result "0-1"]
[Round "6"]
[TimeControl "180+2"]
[Date "2023.07.18"]
[WhiteClock "0:00:00"]
[BlackClock "0:01:19"]
[Board "164"]

1. e4 c5 2. Nf3 d6 3. d4 cxd4 4. Nxd4 Nf6 5. Nc3 a6 6. Bc4 e6 7. Bb3 Be7 8. Bg5 Nc6 9. Nxc6 bxc6 10. Qf3 O-O 11. O-O-O Qc7 12. h4 Rb8 13. g4 c5 14. h5 h6 15. Be3 c4 16. Ba4 Bd7 17. Bxd7 Nxd7 18. Rdg1 f6 19. Qg3 Qa5 20. Kb1 Rxb2+ 21. Kxb2 Rb8+ 22. Kc1 Qxc3 23. Ba7 Qb2+ 24. Kd1 Rb7 25. Be3 c3 26. Bc1 Qa1 27. f4 Nc5 28. g5 fxg5 29. fxg5 Bxg5 30. Ke2 Qxa2 31. Qxc3 Qa4 32. Bxg5 hxg5 33. Rxg5 Qxe4+ 34. Kd2 Qxh1 0-1


[Site "https://www.chess.com"]

[Event "Titled Tuesday Blitz July 18 Early 2023"]
[White "Spichkin, Alexander"]
[Black "Wartiovaara, Oliver"]
[WhiteFideId "4144074"]
[BlackFideId "513024"]
[WhiteElo "2291"]
[BlackElo "2478"]
[Result "0-1"]
[Round "6"]
[TimeControl "180+2"]
[Date "2023.07.18"]
[WhiteClock "0:01:34"]
[BlackClock "0:02:09"]
[Board "165"]

1. f4 e5 2. Nf3 exf4 3. d4 g5 4. h4 g4 5. Ng5 h6 6. Nxf7 Kxf7 7. Bxf4 d5 8. e4 dxe4 9. Bc4+ Kg7 10. Be5+ Nf6 11. O-O Be7 12. Nd2 Nc6 13. Nxe4 Nxe5 14. dxe5 Nxe4 15. Rf7+ Kg6 16. Qe2 Bc5+ 17. Kh2 Qxh4# 0-1


[Site "https://www.chess.com"]

[Event "Titled Tuesday Blitz July 18 Early 2023"]
[White "Floresvillar Gonzalez, Luis Migu"]
[Black "DCacheiro"]
[WhiteFideId "5100542"]
[WhiteElo "2080"]
[BlackElo "2456"]
[Result "0-1"]
[Round "6"]
[TimeControl "180+2"]
[Date "2023.07.18"]
[WhiteClock "0:00:10"]
[BlackClock "0:00:18"]
[Board "166"]

1. c4 Nf6 2. Nc3 g6 3. g3 Bg7 4. Bg2 O-O 5. d4 d6 6. Bg5 Nbd7 7. Qd2 c5 8. d5 a6 9. Bh6 Ne5 10. Bxg7 Kxg7 11. b3 b5 12. cxb5 axb5 13. Nxb5 Ba6 14. Nc3 Qb6 15. Nf3 Nxf3+ 16. Bxf3 c4 17. bxc4 Bxc4 18. O-O Ra3 19. Rfc1 Qa5 20. Qd4 Bxa2 21. Nxa2 Rxa2 22. Rxa2 Qxa2 23. Ra1 Qc2 24. Ra7 Re8 25. Kg2 Qf5 26. h4 h5 27. Rc7 Qe5 28. Qxe5 dxe5 29. Ra7 e4 30. d6 exf3+ 31. exf3 exd6 32. f4 Rd8 33. Kf3 d5 34. Ke2 d4 35. f3 Re8+ 36. Kd3 Re3+ 37. Kxd4 Rxf3 38. f5 Rxf5 39. Ra3 Ng4 40. Ke4 Re5+ 41. Kf4 Kf6 42. Ra6+ Re6 43. Ra7 Ne5 44. Rb7 Nd3+ 45. Kf3 Nc5 46. Ra7 Ne4 47. Kf4 g5+ 48. hxg5+ Nxg5 49. g4 Re4+ 50. Kg3 Rxg4+ 51. Kh2 h4 52. Ra6+ Kg7 53. Ra7 Nf3+ 54. Kh3 Rg3# 0-1


[Site "https://www.chess.com"]

[Event "Titled Tuesday Blitz July 18 Early 2023"]
[White "De Silva, L M S T"]
[Black "UgarteCesar"]
[WhiteFideId "9953698"]
[WhiteElo "2738"]
[BlackElo "2181"]
[Result "0-1"]
[Round "6"]
[TimeControl "180+2"]
[Date "2023.07.18"]
[WhiteClock "0:00:19"]
[BlackClock "0:00:19"]
[Board "167"]

1. e4 c5 2. Nf3 Nc6 3. Bb5 g6 4. O-O Bg7 5. c3 e6 6. d4 cxd4 7. cxd4 a6 8. Ba4 b5 9. Bc2 Nge7 10. d5 Ne5 11. Nxe5 Bxe5 12. f4 Bg7 13. d6 Nc6 14. e5 O-O 15. h4 f6 16. h5 fxe5 17. hxg6 h6 18. fxe5 Nxe5 19. Bf4 Qb6+ 20. Kh1 Bb7 21. Nc3 Nc4 22. Qh5 Ne3 23. Bxe3 Qxe3 24. Rf7 Qg5 25. Qxg5 hxg5 26. Rxd7 Bc6 27. Rc7 Rac8 28. Be4 Rxc7 29. dxc7 Bxc3 30. Bxc6 Be5 31. Bb7 Bxc7 32. Bxa6 Rf2 33. b4 Kg7 34. Bxb5 Kxg6 35. a4 Rb2 36. Bd3+ Kf6 37. b5 Rb3 38. Be2 Rb2 39. Bg4 Rb4 40. Bf3 Be5 41. Rf1 Ke7 42. Bd1 Rh4+ 43. Kg1 Bd4+ 44. Rf2 Rf4 45. Bf3 g4 46. a5 Bxf2+ 47. Kxf2 gxf3 48. a6 Ra4 49. gxf3 Kd6 50. b6 Kc6 51. b7 Kc7 0-1


[Site "https://www.chess.com"]

[Event "Titled Tuesday Blitz July 18 Early 2023"]
[White "Turzo, Attila"]
[Black "Sarkar, Justin"]
[WhiteFideId "704954"]
[BlackFideId "2010011"]
[WhiteElo "2507"]
[BlackElo "2229"]
[Result "1-0"]
[Round "6"]
[TimeControl "180+2"]
[Date "2023.07.18"]
[WhiteClock "0:00:02"]
[BlackClock "0:00:00"]
[Board "168"]

1. d4 Nf6 2. c4 e6 3. g3 d5 4. Bg2 Bb4+ 5. Bd2 Be7 6. Nf3 O-O 7. O-O c6 8. Qc2 Nbd7 9. Bg5 b6 10. Nbd2 Bb7 11. Rfd1 Rc8 12. Rac1 h6 13. Bxf6 Nxf6 14. e4 dxc4 15. Nxc4 b5 16. Ne3 Qb6 17. a3 c5 18. d5 c4 19. Nd4 Bc5 20. Qd2 exd5 21. Nxd5 Nxd5 22. exd5 Rfd8 23. Nf5 Qf6 24. Ne3 Re8 25. Re1 Rcd8 26. Rcd1 h5 27. h4 g6 28. Qc2 Bxe3 29. fxe3 Qe5 30. Kh2 Bxd5 31. e4 Be6 32. Qf2 Rxd1 33. Rxd1 a5 34. Rf1 b4 35. axb4 axb4 36. Qb6 Qxb2 37. Qc6 Rd8 38. e5 Qd4 39. Rf4 Qd2 40. Kg1 c3 41. Rf2 Qd1+ 42. Kh2 Qd4 43. Rf4 Qd2 44. Rxb4 c2 45. Rb2 1-0


[Site "https://www.chess.com"]

[Event "Titled Tuesday Blitz July 18 Early 2023"]
[White "Kev4444444444"]
[Black "Borrmann, Laurenz"]
[BlackFideId "312187930"]
[WhiteElo "2221"]
[BlackElo "2502"]
[Result "0-1"]
[Round "6"]
[TimeControl "180+2"]
[Date "2023.07.18"]
[WhiteClock "0:00:18"]
[BlackClock "0:00:14"]
[Board "169"]

1. g3 d5 2. Bg2 e5 3. c4 d4 4. e3 c5 5. exd4 exd4 6. Nf3 Nc6 7. O-O Nf6 8. Re1+ Be7 9. d3 O-O 10. a3 h6 11. Ne5 Nxe5 12. Rxe5 Bd6 13. Re1 Rb8 14. Nd2 a6 15. a4 Bf5 16. Ne4 Nxe4 17. Bxe4 Bxe4 18. Rxe4 b5 19. axb5 axb5 20. cxb5 Qd7 21. Ra6 Rfe8 22. Qf3 Rxe4 23. Qxe4 Rxb5 24. Ra8+ Rb8 25. Rxb8+ Bxb8 26. Qa8 Qa7 27. Qxa7 Bxa7 28. Bf4 Kf8 29. Kg2 Ke7 30. Kf3 Ke6 31. Bc7 Kd5 32. b3 Kc6 33. Be5 f6 34. Bf4 Kb5 35. Bd2 Bb8 36. Ke4 g6 37. Kd5 Bc7 38. Bxh6 g5 39. Bf8 Bb6 40. g4 Kb4 41. Kc6 Kxb3 42. Kxb6 c4 43. dxc4 d3 44. c5 d2 45. c6 d1=Q 46. c7 Qd7 47. Kb7 Kc4 48. Kb8 Qb5+ 49. Ka7 Qc6 50. Kb8 Qb6+ 51. Kc8 Kd5 52. Be7 Kc6 53. Bd8 Qb7# 0-1


[Site "https://www.chess.com"]

[Event "Titled Tuesday Blitz July 18 Early 2023"]
[White "Vila Dupla, Aurelio"]
[Black "Ansh M Shah"]
[WhiteFideId "2203383"]
[BlackFideId "25033379"]
[WhiteElo "2202"]
[BlackElo "2483"]
[Result "0-1"]
[Round "6"]
[TimeControl "180+2"]
[Date "2023.07.18"]
[WhiteClock "0:00:53"]
[BlackClock "0:01:55"]
[Board "171"]

1. Nf3 Nf6 2. d4 g6 3. g3 Bg7 4. Bg2 O-O 5. O-O d5 6. c4 c6 7. cxd5 cxd5 8. Nc3 Nc6 9. Ne5 Bf5 10. Nxc6 bxc6 11. Na4 Be4 12. Bh3 Bf5 13. Bg2 Be4 14. Bh3 Qa5 15. b3 Bf5 16. Bg2 Ne4 17. Ba3 Rfe8 18. Rc1 Rac8 19. Bc5 Nxc5 20. Rxc5 Qb4 21. e3 e5 22. dxe5 Bxe5 23. Qc1 d4 24. Rxc6 dxe3 25. Rc5 Rxc5 26. Qxc5 Qxc5 27. Nxc5 e2 0-1


[Site "https://www.chess.com"]

[Event "Titled Tuesday Blitz July 18 Early 2023"]
[White "Herman, Matthew"]
[Black "Larina, Maria"]
[WhiteFideId "2028964"]
[BlackFideId "24113182"]
[WhiteElo "2468"]
[BlackElo "2197"]
[Result "0-1"]
[Round "6"]
[TimeControl "180+2"]
[Date "2023.07.18"]
[WhiteClock "0:00:02"]
[BlackClock "0:00:22"]
[Board "172"]

1. e3 f5 2. g3 Nf6 3. Bg2 d6 4. h3 e5 5. d3 Be7 6. a3 a5 7. b3 Nc6 8. Bb2 O-O 9. Nd2 Kh8 10. Ne2 Be6 11. O-O Qe8 12. c4 Rd8 13. f4 Nh5 14. Kh2 Qg6 15. Bc3 Bf6 16. Qc2 Qh6 17. b4 axb4 18. axb4 g5 19. b5 Ne7 20. Ra7 gxf4 21. exf4 Rb8 22. Bxb7 Rg8 23. Bh1 Rg7 24. Rxc7 Rbg8 25. fxe5 dxe5 26. Rxe7 Rxe7 27. Nf3 f4 28. gxf4 Nxf4 29. Nxe5 Qxh3# 0-1


[Site "https://www.chess.com"]

[Event "Titled Tuesday Blitz July 18 Early 2023"]
[White "Ljukin, Sergei"]
[Black "Novikova, Margarita"]
[WhiteFideId "14102200"]
[BlackFideId "14109689"]
[WhiteElo "2463"]
[BlackElo "2192"]
[Result "1-0"]
[Round "6"]
[TimeControl "180+2"]
[Date "2023.07.18"]
[WhiteClock "0:00:10"]
[BlackClock "0:00:19"]
[Board "173"]

1. e4 e5 2. Nf3 Nc6 3. Bb5 a6 4. Ba4 Nf6 5. Qe2 b5 6. Bb3 Nd4 7. Nxd4 exd4 8. e5 Ng8 9. a4 Bb7 10. O-O Be7 11. Qg4 Nh6 12. Qxg7 Rg8 13. Bxf7+ Nxf7 14. Qxg8+ Bf8 15. axb5 Qh4 16. bxa6 Bc6 17. d3 Nh6 18. Bxh6 Qxh6 19. f4 O-O-O 20. a7 Ba8 21. Qg5 Qc6 22. Nd2 Bh6 23. Qg3 Qe6 24. Ne4 Rg8 25. Qf3 Rg4 26. Nd6+ cxd6 27. Qxa8+ Kc7 28. Qb8+ Kc6 29. a8=Q+ Kc5 30. Ra5# 1-0


[Site "https://www.chess.com"]

[Event "Titled Tuesday Blitz July 18 Early 2023"]
[White "BeautiFullMindChess"]
[Black "Baches Garcia, Guillermo"]
[BlackFideId "2209764"]
[WhiteElo "2186"]
[BlackElo "2425"]
[Result "0-1"]
[Round "6"]
[TimeControl "180+2"]
[Date "2023.07.18"]
[WhiteClock "0:00:06"]
[BlackClock "0:02:42"]
[Board "174"]

1. e4 c5 2. Nf3 d6 3. d4 cxd4 4. Nxd4 Nf6 5. Nc3 Nc6 6. Bg5 e6 7. Qd2 h6 8. Bh4 Nxe4 9. Nxe4 Qxh4 10. Nxd6+ Bxd6 11. Nxc6 Qe4+ 12. Be2 Qxc6 13. O-O-O Be7 14. Bf3 Qc7 15. g4 Bg5 0-1


[Site "https://www.chess.com"]

[Event "Titled Tuesday Blitz July 18 Early 2023"]
[White "Topalov, Aleksandar"]
[Black "Sankalan Shah"]
[WhiteFideId "925659"]
[BlackFideId "25600362"]
[WhiteElo "2361"]
[BlackElo "2177"]
[Result "1-0"]
[Round "6"]
[TimeControl "180+2"]
[Date "2023.07.18"]
[WhiteClock "0:02:45"]
[BlackClock "0:02:17"]
[Board "175"]

1. b3 Nf6 2. Bb2 e6 3. Nf3 b6 4. g3 Bb7 5. Bg2 Be7 6. O-O O-O 7. d3 d6 8. Nbd2 Nbd7 9. e4 e5 10. Nh4 g6 11. f4 Ng4 12. Qxg4 1-0


[Site "https://www.chess.com"]

[Event "Titled Tuesday Blitz July 18 Early 2023"]
[White "Mejia, Cherry Ann"]
[Black "Mishra, Manoj"]
[WhiteFideId "5206880"]
[BlackFideId "5006007"]
[WhiteElo "2351"]
[BlackElo "2175"]
[Result "1-0"]
[Round "6"]
[TimeControl "180+2"]
[Date "2023.07.18"]
[WhiteClock "0:01:12"]
[BlackClock "0:00:02"]
[Board "176"]

1. e4 g6 2. Nc3 Bg7 3. d4 c5 4. Nf3 Nc6 5. Be3 d6 6. Qd2 cxd4 7. Nxd4 Nf6 8. h3 O-O 9. Bc4 Nxd4 10. Bxd4 Be6 11. Bxe6 fxe6 12. O-O Qa5 13. Rad1 Rac8 14. f4 Rc6 15. Qe3 Rc4 16. e5 Nd5 17. Nxd5 exd5 18. Bc3 Qb5 19. exd6 exd6 20. Qe6+ Rf7 21. Rxd5 Qb6+ 22. Kh1 Rc5 23. Rxd6 Qb5 24. Rd8+ Bf8 25. Rfd1 Rh5 26. R8d7 Rf5 27. Rxf7 Rxf7 28. Qe5 Bg7 29. Qxb5 1-0


[Site "https://www.chess.com"]

[Event "Titled Tuesday Blitz July 18 Early 2023"]
[White "Kiseljova, Marya"]
[Black "Korpics, Zsolt"]
[WhiteFideId "4155009"]
[BlackFideId "705241"]
[WhiteElo "2143"]
[BlackElo "2329"]
[Result "0-1"]
[Round "6"]
[TimeControl "180+2"]
[Date "2023.07.18"]
[WhiteClock "0:00:57"]
[BlackClock "0:00:13"]
[Board "177"]

1. d4 Nf6 2. c4 e6 3. g3 d5 4. Nf3 Bb4+ 5. Nbd2 O-O 6. Bg2 dxc4 7. O-O c3 8. bxc3 Bxc3 9. Rb1 Bxd4 10. Nxd4 Qxd4 11. Bb2 Qd8 12. Bxf6 Qxf6 13. Bxb7 Bxb7 14. Rxb7 c5 15. Qc2 Qe5 16. Nf3 Qd5 17. Rfb1 Nc6 18. Rd1 Nd4 19. Nxd4 Qxb7 20. Qxc5 Rfd8 21. e3 Rac8 22. Qh5 Qe4 23. Rf1 Rd5 24. Qe2 Rxd4 25. f3 Qe5 26. Qa6 Rdc4 27. e4 Rc2 28. Rd1 h5 29. Qxa7 Qb2 30. h4 Rg2+ 31. Kf1 Qe2# 0-1


[Site "https://www.chess.com"]

[Event "Titled Tuesday Blitz July 18 Early 2023"]
[White "Ishowmoves57"]
[Black "Saucey, Michel"]
[BlackFideId "601845"]
[WhiteElo "2127"]
[BlackElo "2315"]
[Result "0-1"]
[Round "6"]
[TimeControl "180+2"]
[Date "2023.07.18"]
[WhiteClock "0:00:00"]
[BlackClock "0:00:12"]
[Board "178"]

1. e4 c5 2. Nf3 e6 3. d4 cxd4 4. Nxd4 Nc6 5. Nc3 Qc7 6. Be3 a6 7. Nxc6 bxc6 8. f4 d5 9. Be2 Nf6 10. Bf3 Be7 11. O-O O-O 12. Bd4 Bb7 13. Kh1 Rfd8 14. Be5 Qa5 15. exd5 cxd5 16. f5 exf5 17. Qd4 Rac8 18. Be2 Qc5 19. Rxf5 Qxd4 20. Bxd4 Ne4 21. Bd3 g6 22. Rff1 f5 23. Rad1 h5 24. Ne2 Bd6 25. Nf4 Bxf4 26. Rxf4 Kh7 27. c3 Re8 28. Rdf1 Re7 29. h3 Rce8 30. Kh2 Bc8 31. R1f3 g5 32. Rxf5 Bxf5 33. Rxf5 g4 34. Rxh5+ Kg6 35. Rxd5 gxh3 36. gxh3 Kf7 37. Rf5+ Kg8 38. Rf4 Nd6 39. Rg4+ Kf8 40. Bc5 Re6 41. Bxa6 Ke7 42. Rg7+ Kf6 43. Rg2 Nf5 44. Bd3 Re5 0-1


[Site "https://www.chess.com"]

[Event "Titled Tuesday Blitz July 18 Early 2023"]
[White "EdmundPlayer"]
[Black "Johnson, Ben"]
[BlackFideId "2010917"]
[WhiteElo "2303"]
[BlackElo "2126"]
[Result "1-0"]
[Round "6"]
[TimeControl "180+2"]
[Date "2023.07.18"]
[WhiteClock "0:00:43"]
[BlackClock "0:00:43"]
[Board "179"]

1. e4 c5 2. Nf3 g6 3. c4 Bg7 4. d4 Qa5+ 5. Bd2 Qb6 6. Bc3 cxd4 7. Bxd4 Qb4+ 8. Bc3 Bxc3+ 9. Nxc3 Qxb2 10. Nd5 Na6 11. Be2 Nf6 12. Nxf6+ Qxf6 13. e5 Qf4 14. O-O O-O 15. g3 Qe4 16. Re1 Nc5 17. Bf1 Qc6 18. Bg2 Qa4 19. Qc1 Rb8 20. Qh6 f6 21. exf6 exf6 22. Re7 Rf7 23. Re8+ Rf8 24. Rxf8# 1-0


[Site "https://www.chess.com"]

[Event "Titled Tuesday Blitz July 18 Early 2023"]
[White "Horokoskii"]
[Black "Schut, Han"]
[BlackFideId "1005561"]
[WhiteElo "2123"]
[BlackElo "2303"]
[Result "0-1"]
[Round "6"]
[TimeControl "180+2"]
[Date "2023.07.18"]
[WhiteClock "0:00:03"]
[BlackClock "0:00:20"]
[Board "180"]

1. d4 Nf6 2. c4 g6 3. Nc3 d5 4. Nf3 Bg7 5. Bf4 O-O 6. e3 c5 7. dxc5 Qa5 8. Rc1 dxc4 9. Bxc4 Qxc5 10. Bb3 Nc6 11. Nd5 Qa5+ 12. Qd2 Qxd2+ 13. Nxd2 Nxd5 14. Bxd5 Bxb2 15. Rc2 Nb4 16. Rxb2 Nd3+ 17. Ke2 Nxb2 18. Rb1 Na4 19. Bxb7 Nc3+ 20. Kd3 Nxb1 21. Bxa8 Ba6+ 22. Kc2 Na3+ 23. Kb3 Rxa8 24. Kxa3 Rc8 25. Kb3 Bd3 26. a4 Rc2 27. e4 e5 28. Be3 f5 29. exf5 gxf5 30. Nb1 f4 31. Bxa7 Rc7 32. Bb6 Rb7 33. a5 Bxb1 34. Kb4 Bd3 35. Kc5 Kf7 36. Kc6 Be4+ 37. Kd6 Bxg2 38. Kc5 Ke6 39. a6 Rxb6 40. Kxb6 Kf5 41. Kc5 Ba8 42. Kd6 h5 43. Kc5 h4 44. Kc4 h3 45. Kd3 Kg4 46. Ke2 e4 47. Kd2 Kf3 48. Ke1 Kg2 49. a7 Kxh2 50. Kf1 Bb7 51. f3 e3 52. Ke2 Kg2 53. a8=Q Bxa8 54. Ke1 h2 55. Ke2 Bxf3+ 56. Ke1 h1=Q# 0-1


[Site "https://www.chess.com"]

[Event "Titled Tuesday Blitz July 18 Early 2023"]
[White "Martin, Lewis"]
[Black "campochess"]
[WhiteFideId "410551"]
[WhiteElo "2294"]
[BlackElo "2123"]
[Result "0-1"]
[Round "6"]
[TimeControl "180+2"]
[Date "2023.07.18"]
[WhiteClock "0:01:29"]
[BlackClock "0:01:02"]
[Board "181"]

1. e4 c5 2. Nf3 Nc6 3. d4 cxd4 4. Nxd4 e5 5. Nb5 a6 6. Nd6+ Bxd6 7. Qxd6 Qe7 8. Qd1 Nf6 9. Nc3 d6 10. Be2 h6 11. Be3 Be6 12. O-O Rd8 13. Bf3 O-O 14. Qd2 Nh7 15. Rad1 Qh4 16. g3 Qe7 17. Bg2 b5 18. Nd5 Bxd5 19. exd5 Nb8 20. f4 Nd7 21. f5 Ndf6 22. b3 Rc8 23. h3 Qc7 24. Rc1 Qc3 25. Qxc3 Rxc3 26. Kf2 Rfc8 27. Rfd1 Rxc2+ 28. Rxc2 Rxc2+ 29. Rd2 Rxd2+ 30. Bxd2 Kf8 31. Bb4 Ke7 32. g4 Nf8 33. Ke3 Kd7 34. Ba5 Kc8 35. a4 N8d7 36. Kd3 Kb7 37. Kc3 bxa4 38. bxa4 Nc5 39. Kb4 Nd3+ 40. Kc3 Nf4 41. Bf1 N6xd5+ 42. Kc4 Ne3+ 0-1


[Site "https://www.chess.com"]

[Event "Titled Tuesday Blitz July 18 Early 2023"]
[White "Tqebuchava, Zurab"]
[Black "SicilianPanzer"]
[WhiteFideId "13601113"]
[WhiteElo "2108"]
[BlackElo "2277"]
[Result "1-0"]
[Round "6"]
[TimeControl "180+2"]
[Date "2023.07.18"]
[WhiteClock "0:00:02"]
[BlackClock "0:00:03"]
[Board "182"]

1. e4 c5 2. Nf3 Nc6 3. Bb5 d6 4. Bxc6+ bxc6 5. h3 c4 6. O-O g6 7. d3 cxd3 8. Qxd3 Bg7 9. Nc3 Rb8 10. Re1 Qa5 11. Bd2 Ba6 12. Qe3 Qc7 13. b3 e6 14. Rad1 Ne7 15. e5 d5 16. Na4 Nf5 17. Qc3 O-O 18. Nc5 Bb7 19. Bf4 Ba8 20. Nd4 Nxd4 21. Qxd4 Rb5 22. b4 Rfb8 23. a3 a5 24. c3 Bf8 25. Nd3 c5 26. bxc5 Bxc5 27. Nxc5 Rxc5 28. Rd3 Rc4 29. Qe3 Rc8 30. Bg5 Rxc3 31. Bf6 Qc5 32. Rxc3 Qxc3 33. Qh6 Qxe1+ 34. Kh2 Qxe5+ 35. Bxe5 f6 36. Bxf6 Rc7 37. Be5 Rf7 38. Qg5 Bb7 39. Qd8+ Rf8 40. Qe7 Rf7 41. Qxe6 Ba6 42. Qxd5 Bc8 43. Qd8+ Rf8 44. Qg5 Be6 45. Qh6 Rf7 46. h4 Bd5 47. Qe3 Be6 48. Qc5 Bf5 49. Qd6 Rf8 50. Qd5+ Rf7 51. Qxa5 Re7 52. Qd5+ Kf8 53. Bd4 Ke8 54. Bc5 Rd7 55. Qg8# 1-0


[Site "https://www.chess.com"]

[Event "Titled Tuesday Blitz July 18 Early 2023"]
[White "Schain, Randolph"]
[Black "Zampronha, Wladimir Camilo"]
[WhiteFideId "2003139"]
[BlackFideId "2103087"]
[WhiteElo "2096"]
[BlackElo "2277"]
[Result "0-1"]
[Round "6"]
[TimeControl "180+2"]
[Date "2023.07.18"]
[WhiteClock "0:00:04"]
[BlackClock "0:01:30"]
[Board "183"]

1. e4 c5 2. Nf3 e6 3. d3 Nc6 4. g3 g6 5. Bg2 Bg7 6. O-O Nge7 7. c3 d5 8. Qe2 O-O 9. e5 b5 10. Re1 a5 11. Bf4 a4 12. h4 b4 13. h5 a3 14. bxa3 bxc3 15. Nxc3 Nf5 16. hxg6 hxg6 17. Nb5 Ba6 18. Rab1 Bxb5 19. Rxb5 Ncd4 20. Qb2 Nxb5 21. Qxb5 Qa5 22. Qb1 Rfb8 23. Qd1 Qxa3 24. g4 Nd4 25. Ng5 Rb2 26. Bc1 Qxa2 27. Bxb2 Qxb2 28. f4 Ra2 29. Bh3 Qf2+ 0-1


[Site "https://www.chess.com"]

[Event "Titled Tuesday Blitz July 18 Early 2023"]
[White "Feliz Dotel, Dewar Bienvenido"]
[Black "Magallanes, Rey Jomar"]
[WhiteFideId "6402801"]
[BlackFideId "5205948"]
[WhiteElo "2045"]
[BlackElo "2269"]
[Result "1-0"]
[Round "6"]
[TimeControl "180+2"]
[Date "2023.07.18"]
[WhiteClock "0:00:06"]
[BlackClock "0:01:40"]
[Board "184"]

1. d4 d5 2. e3 Nf6 3. Nf3 e6 4. Bd3 Bd6 5. O-O O-O 6. b3 b6 7. Bb2 Bb7 8. Nbd2 Nbd7 9. Ne5 Ne4 10. Nxd7 Nxd2 11. Nxf8 Nxf1 12. Nxe6 Bxh2+ 13. Kxf1 fxe6 14. Qh5 Qd6 15. Bxh7+ Kf8 16. g3 Ke7 17. Qxh2 Ba6+ 18. Kg2 Rh8 19. a4 Be2 20. Ba3 Kd7 21. Bxd6 cxd6 22. Qh4 Bg4 23. Qxg4 Rxh7 24. Rb1 Kc7 25. Rh1 Rh4 26. Rxh4 g5 27. Qxg5 Kc6 28. Rh6 e5 29. Qg6 Kb7 30. Qxd6 Ka6 31. Qc6 Ka5 32. Qb5# 1-0


[Site "https://www.chess.com"]

[Event "Titled Tuesday Blitz July 18 Early 2023"]
[White "Goughfather"]
[Black "arturdailima"]
[WhiteElo "2013"]
[BlackElo "2261"]
[Result "0-1"]
[Round "6"]
[TimeControl "180+2"]
[Date "2023.07.18"]
[WhiteClock "0:00:00"]
[BlackClock "0:00:54"]
[Board "185"]

1. d4 Nf6 2. Nc3 d5 3. Bf4 a6 4. e3 c5 5. dxc5 Nc6 6. a3 e5 7. Bg5 Be6 8. b4 Be7 9. Nf3 d4 10. Bxf6 Bxf6 11. exd4 exd4 12. Ne4 O-O 13. Bd3 Re8 14. O-O a5 15. b5 Ne5 16. Nxe5 Bxe5 17. Qh5 Qd5 18. f4 Bc7 19. Qxd5 Bxd5 20. Ng5 h6 21. Nh3 Rac8 22. Rae1 Rxe1 23. Rxe1 Kf8 24. Bf5 Rd8 25. b6 Bb8 26. Rd1 Bc4 27. c3 d3 28. Nf2 Bxf4 29. Ne4 Be3+ 30. Kh1 g6 31. Bg4 f5 32. Nd6 Rxd6 33. cxd6 fxg4 34. Rf1+ Ke8 35. Re1 Kd7 0-1


[Site "https://www.chess.com"]

[Event "Titled Tuesday Blitz July 18 Early 2023"]
[White "Zaichenko, Daria"]
[Black "Penagalapati, Abhinav"]
[WhiteFideId "4197453"]
[BlackFideId "30938210"]
[WhiteElo "2252"]
[BlackElo "2056"]
[Result "1-0"]
[Round "6"]
[TimeControl "180+2"]
[Date "2023.07.18"]
[WhiteClock "0:00:15"]
[BlackClock "0:00:07"]
[Board "186"]

1. e4 Nf6 2. e5 Nd5 3. d4 d6 4. c4 Nb6 5. Nf3 g6 6. Nc3 Bg7 7. exd6 exd6 8. Be2 O-O 9. O-O Nc6 10. Be3 Re8 11. Qd2 Bg4 12. b3 Qd7 13. d5 Bxf3 14. Bxf3 Ne5 15. Be2 Nc8 16. Rac1 Ne7 17. f3 Nf5 18. Bf2 f6 19. f4 Nf7 20. Bd3 Ne7 21. Rce1 a6 22. Bd4 Nf5 23. Bf2 Rxe1 24. Rxe1 Kf8 25. g4 Ne7 26. h3 Re8 27. Re6 Nd8 28. Re2 Ng8 29. Bd4 Nf7 30. Ne4 Nd8 31. Qb2 Qf7 32. g5 f5 33. Ng3 Rxe2 34. Nxe2 h6 35. h4 hxg5 36. hxg5 Qe7 37. Kf2 b6 38. b4 Nb7 39. a4 a5 40. Bxg7+ Qxg7 41. Qb3 axb4 42. Qxb4 Nc5 43. Bc2 Ne7 44. a5 bxa5 45. Qb8+ Kf7 46. Qxc7 Qb2 47. Qxd6 Qxc2 48. Qxc5 a4 49. d6 Ng8 50. d7 Qd3 51. Qc6 Ne7 52. Qf6+ Kg8 53. Qxe7 1-0


[Site "https://www.chess.com"]